 Dungeon Crawl Stone Soup version 0.25-a0-292-gaa31f046c4 (webtiles) character file.

Game seed: 8992842015887614275, levelgen mode: classic

606 Borgoz the Slasher (level 7, -4/43 HPs)
             Began as a Gargoyle Gladiator on Dec 15, 2019.
             Was a Follower of Okawaru.
             Slain by an ogre
             ... wielding a +0 giant club
              (11 damage)
             ... on level 4 of the Dungeon.
             The game lasted 00:04:45 (2529 turns).

Borgoz the Slasher (Gargoyle Gladiator)             Turns: 2529, Time: 00:04:46

Health: -4/43      AC:  9    Str: 19    XL:     7   Next: 42%
Magic:  7/7        EV: 13    Int:  8    God:    Okawaru [*.....]
Gold:   169        SH:  0    Dex: 12    Spells: 6/6 levels left

rFire    . . .     SeeInvis .   a - +0 long sword
rCold    . . .     Gourm    .   (no shield)
rNeg     + . .     Faith    .   b - +0 leather armour
rPois    ∞         Spirit   .   c - +0 helmet
rElec    +         Reflect  .   (no cloak)
rCorr    .         Harm     .   (no gloves)
MR       .....                  (no boots)
Stlth    +.........             (no amulet)
HPRegen  0.14/turn              (no ring)
MPRegen  0.10/turn              (no ring)

@: no status effects
A: negative energy resistance 1, electricity resistance, unbreathing,
petrification resistance, rot immunity, AC +4
a: Heroism, Renounce Religion


You were on level 4 of the Dungeon.
You worshipped Okawaru.
Okawaru was aware of your devotion.
You were not hungry.

You visited 2 branches of the dungeon, and saw 5 of its levels.

You collected 169 gold pieces.

Inventory:

Hand Weapons
 a - a +0 long sword (weapon)
Armour
 b - a +0 leather armour (worn)
 c - a +0 helmet (worn)
Jewellery
 p - a +3 ring of intelligence
 v - an uncursed ring of wizardry
Wands
 m - a wand of flame (13)
Scrolls
 e - a scroll of remove curse
 h - 2 scrolls of amnesia {unknown}
 k - a scroll of noise {unknown}
 n - a scroll of magic mapping {unknown}
 s - a scroll of immolation {unknown}
 u - a scroll of enchant armour {unknown}
Potions
 i - a potion of resistance
 j - 2 potions of agility
 l - a potion of flight
 o - 2 potions of lignification
 q - a potion of magic {unknown}
 t - a potion of might
Comestibles
 f - 11 rations
 g - 3 chunks of flesh


   Skills:
 + Level 4.2 Fighting
 * Level 5.2 Long Blades
 - Level 1.7 Throwing
 + Level 3.5 Armour
 + Level 3.8 Dodging


You had 6 spell levels left.
You didn't know any spells.
Your spell library was empty.

Dungeon Overview and Level Annotations

Branches:
Dungeon (4/15)             Temple (1/1) D:4

Altars:
Ashenzari
Cheibriados
Gozag
Hepliaklqana
Okawaru
Qazlal
Sif Muna
Trog
Vehumet
Wu Jian
Zin
The Shining One


Innate Abilities, Weirdness & Mutations

You are resistant to torment.
Your stone body is resilient. (AC +4)
You are immune to poison.
You resist negative energy. (rN+)
You are resistant to electric shocks. (rElec)
You can survive without breathing.
You are immune to petrification.
You are immune to rotting.


Message History

You barely miss the ogre.
The ogre is moderately wounded.
The ogre misses you.
You hit the ogre but do no damage.
The ogre is moderately wounded.
The ogre barely misses you.
You barely miss the ogre.
The ogre is moderately wounded.
You closely miss the ogre.
The ogre is moderately wounded.
The ogre barely misses you.
You riposte.
You hit the ogre.
The ogre is moderately wounded.
You hit the ogre.
The ogre is heavily wounded.
The ogre hits you with a +0 giant club!
* * * LOW HITPOINT WARNING * * *
You completely miss the ogre.
The ogre is heavily wounded.
The ogre hits you with a +0 giant club!
You die...

.....##†#######.####
..#..##.# #...#
..#.....# #...#
#.#.#..## #...#
.###....######...#####
..#...#..#...........###
.....#..................
#.>.#####............###
)....# ....#..%@#.##..
..#...# .####...O..# ##
.###....# #...#.## #
#..## #...#... .##
#...#.... ## ###.######
#.# ..#


You could see an ogre.

Vanquished Creatures
  Sigmund (D:4)
  Edmund (D:4)
  A hound (D:4)
  2 iguanas (D:4)
  Natasha (twice) (D:2)
  A worker ant (D:4)
  4 gnolls (D:4)
  5 adders
  An adder skeleton (D:3)
  2 worms
  5 dart slugs
  2 leopard geckos
  An orc (D:3)
  5 giant cockroaches
  10 goblins
  8 hobgoblins
  6 jackals
  4 kobolds
  A quokka (D:3)
  2 ball pythons
  5 bats
  7 frilled lizards
  A leopard gecko skeleton (D:4)
  12 rats
89 creatures vanquished.

Notes
Turn   | Place    | Note
-------+----------+-------------------------------------------
     0 | D:1      | Borgoz the Gargoyle Gladiator began the quest for the Orb.
     0 | D:1      | Reached XP level 1. HP: 12/12 MP: 1/1
    48 | D:1      | Reached XP level 2. HP: 18/18 MP: 2/2
   125 | D:1      | Reached skill level 3 in Long Blades
   209 | D:1      | Reached skill level 1 in Armour
   231 | D:1      | Reached XP level 3. HP: 21/22 MP: 3/3
   643 | D:2      | Found a stormy altar of Qazlal.
   673 | D:2      | Noticed Natasha
   684 | D:2      | Killed Natasha
   684 | D:2      | Reached XP level 4. HP: 10/27 MP: 4/4
  1030 | D:2      | Found a snail-covered altar of Cheibriados.
  1165 | D:2      | Noticed Natasha
  1170 | D:2      | Killed Natasha
  1170 | D:2      | Reached XP level 5. HP: 32/32 MP: 5/5
  1639 | D:3      | Reached skill level 4 in Long Blades
  1795 | D:3      | Found a glowing silver altar of Zin.
  1797 | D:3      | Noticed an angel
  1896 | D:4      | Found a staircase to the Ecumenical Temple.
  2005 | Temple   | Entered the Ecumenical Temple
  2093 | Temple   | Became a worshipper of Warmaster Okawaru
  2133 | D:4      | Reached XP level 6. HP: 29/37 MP: 6/6
  2225 | D:4      | Noticed Sigmund
  2239 | D:4      | Killed Sigmund
  2239 | D:4      | Reached XP level 7. HP: 43/43 MP: 7/7
  2267 | D:4      | Noticed Edmund
  2312 | D:4      | Killed Edmund
  2312 | D:4      | Reached * piety under Okawaru
  2312 | D:4      | Reached skill level 5 in Long Blades
  2529 | D:4      | Slain by an ogre

Levels and vault maps discovered:
D:1:      minmay_arrival_pointy, layout_basic
D:2:      layout_basic, grunt_qazlal_clouds, kennysheep_slug_shrine,
          first_ration, uniq_natasha
D:3:      layout_rooms, zin_angel
D:4:      minmay_angry_zag, layout_loops_cross, minmay_temple_entry_arrows,
          sigmund_edmund_badplayer, uniq_robin
Temple:   dpeg_three_leaves_temple

Skill      XL: |  1  2  3  4  5  6  7 |
---------------+----------------------+-----
Long Blades    | 3 4 5 |  5.2
Armour         | 1 2 3 |  3.5
Fighting       | 3 4 |  4.2
Dodging        | 3 |  3.8
Throwing       | |  1.7

Action                   |  1- 3 |  4- 6 |  7- 9 || total
-------------------------+-------+-------+-------++-------
Melee: Long sword        |    84 |   146 |    61 ||   291
Throw: Throwing net      |       |       |     4 ||     4
Evoke: Wand              |       |     2 |       ||     2
  Use: Potion            |     1 |     1 |     1 ||     3
       Scroll            |       |     9 |       ||     9
 Stab: Invisible         |       |     1 |       ||     1
       Paralysed         |       |     6 |       ||     6
       Held in net/web   |       |       |     1 ||     1
  Eat: Chunk             |       |     5 |     1 ||     6
Armor: Leather armour    |    44 |    69 |     6 ||   119
Dodge: Dodged            |    64 |   133 |    28 ||   225
       Rpst.: Long sword |    26 |    43 |    10 ||    79

Table legend:
 A = Non-vault XP
 B = Vault XP
 C = Vault XP percentage of total XP
 D = Non-vault monster count
 E = Vault monster count
 F = Vault count percentage of total count
                 A         B        C        D         E       F
            +---------+---------+-------+---------+---------+-------
      Total |     443 |     424 |  48.9 |      85 |       4 |   4.5
            +---------+---------+-------+---------+---------+-------
        D:1 |      53 |       0 |   0.0 |      29 |       0 |   0.0
        D:2 |      99 |      39 |  28.3 |      31 |       2 |   6.1
        D:3 |      64 |       0 |   0.0 |      13 |       0 |   0.0
        D:4 |     227 |     385 |  62.9 |      12 |       2 |  14.3
            +---------+---------+-------+---------+---------+-------
